AoeStats
← hvon2749

Four Lakes

509515806Analyzed
1v1 RM · 6d ago on Sep 27, 2026· 36m 45s· 2 players
Game mode
Random Map
Map size
Tiny (2 player)
Population
200
Speed
Normal
Resources
Standard
Victory
Conquest
Starting age
Dark Age
Ending age
Imperial Age
RankedLock teamsTeams togetherTeam positionsShared explorationLock speedFull tech treeHidden civsTurbo modeCheats
Victory
Defeat
🇺🇸 Portuguese · United States
585
+15
🇷🇸 Huns · Serbia
572
-15
Душан Силни
0:34 Loom
14:09 Feudal Age
15:09 Double-Bit Axe
15:20 Horse Collar
17:32 Gold Mining
17:33 Stone Mining
19:58 Forging
19:49 Scale Mail Armor
19:55 Scale Barding Armor
19:51 Padded Archer Armor
23:45 Castle Age
24:09 Bloodlines
24:18 Bloodlines
26:45 Bow Saw
26:38 Heavy Plow
27:16 Gold Shaft Mining
26:39 Crossbowman
29:18 Wheelbarrow
28:29 Town Watch
30:29 Iron Casting
30:11 Leather Archer Armor
30:52 Thumb Ring
31:41 Hand Cart
33:00 Town Patrol
36:30 Imperial Age
hvon2749
11:41 Feudal Age
12:19 Stone Mining
14:19 Gold Mining
21:39 Castle Age
23:29 Wheelbarrow
22:50 Pikeman
23:16 Gambesons
25:15 Double-Bit Axe
26:04 Fletching
26:15 Padded Archer Armor
28:39 Hand Cart
32:42 Imperial Age
30:14 Fishing Lines
31:34 Elite Skirmisher
34:29 Bloodlines
36:32 Light Cavalry
37:13 Husbandry
Connection lost

Rejoining the realm…

Still unreachable

The connection could not be restored.

Session expired

The server has moved on; the page needs a fresh start.